Map: Dasan Station LE

Players

Fropez - Winner!

  • Race: Protoss Protoss
  • League: Gold
  • Spawn Location: 12:00

niepie

  • Race: Terran Terran
  • League: Platinum
  • Spawn Location: 6:00

VOD

Have the link to the VOD?

Description

Time

  • Played on: Nov. 8, 2016, 11:39 a.m.
  • Length: 15:18
Show
View Real Time Build Order
Export as new Build Order

Fropez Protoss - Winner!

Build Orders:  

Get SALT Encoding   

  12  0:14  Probe (Chrono Boost)  
  13  0:23  Pylon  
  13  0:24  Probe (Chrono Boost)  
  14  0:35  Probe (Chrono Boost), Assimilator  
  15  0:44  Gateway  
  15  0:45  Probe (Chrono Boost)  
  16  0:56  Probe (Chrono Boost)  
  17  1:05  Gateway  
  17  1:06  Probe (Chrono Boost)  
  18  1:17  Probe (Chrono Boost)  
  19  1:25  Pylon  
  19  1:27  Probe (Chrono Boost)  
  20  1:38  Probe (Chrono Boost), Cybernetics Core  
  21  1:48  Probe (Chrono Boost)  
  21  1:49  Assimilator  
  22  1:59  Probe (Chrono Boost)  
  23  2:12  Pylon  
  23  2:15  Mothership Core (Chrono Boost)  
  25  2:19  Pylon  
  25  2:25  Adept x2  
  25  2:29  Warp Gate (Chrono Boost)  
  30  2:39  Probe (Chrono Boost)  
  30  2:50  Nexus  
  30  2:55  Probe  
  31  2:59  Stalker  
  33  3:07  Probe  
  33  3:11  Pylon  
  34  3:33  Probe  
  33  3:35  Stalker  
  33  3:36  Stalker  
  35  3:46  Probe  
  36  3:58  Probe  
  36  4:01  Probe  
  37  4:07  Pylon  
  38  4:14  Pylon  
  38  4:21  Adept x2, Pylon  
  42  4:26  Pylon  
  38  4:56  Probe  
  38  4:58  Probe  
  38  4:59  Stalker x2  
  44  5:08  Probe, Robotics Facility  
  44  5:09  Assimilator  
  44  5:13  Assimilator, Robotics Facility  
  45  5:15  Probe, Gateway  
  45  5:18  Gateway  
  46  5:22  Probe  
  46  5:27  Stalker  
  49  5:29  Stalker  
  49  5:32  Probe  
  52  5:47  Twilight Council  
  52  5:48  Forge  
  52  5:50  Probe x2  
  54  6:02  Probe  
  55  6:05  Adept x2  
  55  6:09  Probe  
  60  6:16  Stalker x2  
  60  6:18  Probe  
  65  6:22  Warp Prism (Chrono Boost)  
  65  6:23  Observer  
  68  6:32  Probe  
  69  6:34  Adept  
  69  6:35  Adept  
  69  6:39  Probe  
  58  6:47  Resonating Glaives  
  74  6:51  Immortal (Chrono Boost)  
  78  6:57  Protoss Ground Weapons Level 1 (Chrono Boost)  
  78  6:58  Immortal (Chrono Boost)  
  82  7:09  Pylon  
  82  7:11  Gateway  
  82  7:12  Probe  
  82  7:13  Pylon  
  82  7:15  Probe  
  84  7:19  Pylon  
  84  7:22  Stalker  
  86  7:34  Pylon  
  82  7:39  Pylon  
  78  7:49  Stalker x3  
  78  7:50  Stalker  
  78  8:00  Immortal  
  78  8:01  Immortal  
  86  8:16  Probe  
  87  8:20  Adept x3  
  87  8:26  Nexus  
  93  8:45  Adept x4  
  101  9:14  Adept x2  
  101  9:15  Adept x2  
  99  9:25  Immortal x2  
  95  10:04  Probe, Immortal x2  
  95  10:05  Probe x2  
  98  10:29  Assimilator  
  98  10:30  Adept x5  
  98  10:34  Assimilator  
  108  10:35  Pylon  
  108  10:39  Pylon  
  108  10:41  Pylon  
  108  10:44  Pylon  
  108  10:48  Pylon, Blink  
  108  11:00  Adept x5  
  118  11:04  Protoss Ground Weapons Level 2 (Chrono Boost)  
  104  11:44  Probe x2, Gateway  
  104  11:45  Gateway  
  104  11:46  Immortal  
  104  11:47  Gateway, Immortal  
  114  11:52  Adept x4  
  114  11:53  Adept  
  124  12:16  Stalker x5  
  134  12:25  Pylon  
  134  12:27  Pylon  
  111  12:38  Immortal  
  103  12:45  Adept x3  
  103  12:46  Adept x2  
  91  13:22  Adept x6  
  91  13:23  Adept  
  95  13:32  Mothership Core  
  83  13:46  Zealot x4  
  83  13:47  Zealot x3  
  95  14:01  Cybernetics Core  
  82  14:18  Zealot x2  
  82  14:19  Zealot x3  
  91  14:49  Adept x4  
  91  14:50  Adept x2  
  99  14:58  Probe  
  99  14:59  Probe  
Show
View Real Time Build Order
Export as new Build Order

niepie Terran 

Build Orders: Command Center First (CC), Mech 

Get SALT Encoding   

  12  0:02  SCV  
  13  0:14  SCV  
  14  0:26  SCV  
  14  0:27  Supply Depot  
  15  0:37  Refinery  
  15  0:48  SCV  
  16  1:00  SCV  
  17  1:09  Command Center  
  17  1:13  SCV  
  18  1:25  SCV  
  19  1:37  SCV, Barracks  
  20  1:49  SCV  
  21  1:55  Supply Depot  
  21  2:09  Refinery  
  21  2:16  SCV  
  22  2:25  Marine  
  22  2:27  Factory  
  23  2:30  Factory  
  23  2:40  Orbital Command  
  23  3:00  Marine  
  24  3:11  Hellion  
  26  3:14  Factory Tech Lab  
  26  3:17  Marine  
  27  3:31  SCV  
  25  3:43  SCV  
  25  3:44  Siege Tank  
  25  3:45  Hellion  
  31  3:50  Supply Depot  
  31  3:53  SCV  
  31  3:55  SCV  
  33  4:02  Marine  
  33  4:05  SCV  
  35  4:12  Factory Reactor  
  35  4:18  Siege Tank  
  35  4:21  Barracks Reactor  
  38  4:30  Armory  
  38  4:31  SCV  
  39  4:38  Factory  
  39  4:43  SCV  
  40  4:56  Hellion  
  40  4:57  Hellion  
  44  5:09  Barracks  
  44  5:14  SCV  
  44  5:15  Command Center  
  44  5:19  Starport  
  44  5:21  Hellion  
  47  5:26  Hellion  
  47  5:27  SCV  
  50  5:32  SCV  
  51  5:39  SCV  
  52  5:44  Hellion  
  54  6:04  Supply Depot  
  54  6:10  Supply Depot  
  54  6:25  Medivac  
  54  6:26  SCV x2, Hellion x2  
  54  6:27  Hellion x2  
  66  6:35  Barracks  
  66  6:38  SCV  
  67  7:00  Marine x2, Marauder  
  71  7:03  Combat Shields  
  71  7:16  SCV x2  
  73  7:28  SCV  
  74  7:30  Marine x3  
  74  7:31  Medivac x2  
  74  7:34  Barracks Tech Lab  
  73  7:50  Liberator x2  
  65  7:56  Marine x3  
  65  7:57  Marine  
  59  8:06  Barracks  
  61  8:18  Barracks  
  61  8:20  Marine x2, Marauder x2  
  64  8:38  Marine x2  
  61  8:42  Marauder x2  
  62  8:54  Marine  
  52  8:56  Marine x2  
  54  9:03  Marauder x2  
  54  9:07  Marine  
  53  9:12  Marine  
  53  9:14  Marine x2  
  53  9:20  Stimpack  
  53  9:24  Marauder x2  
  53  9:25  Marine  
  53  9:30  Marine  
  57  9:32  Marine  
  57  9:33  Marine  
  56  9:43  Marine  
  54  9:46  Marauder x2  
  50  10:05  Marine x4  
  51  10:07  Marauder x2  
  51  10:14  Orbital Command  
  51  10:15  SCV x2  
  53  10:23  Marine, Medivac  
  53  10:27  SCV x2  
  58  10:34  Marauder  
  58  10:35  Marine  
  50  10:39  SCV x2  
  53  10:44  SCV  
  54  10:51  SCV  
  55  10:57  Barracks Reactor, Barracks Tech Lab  
  55  11:12  Marine x3, Marauder  
  56  11:23  Marine  
  56  11:30  Marine x3  
  57  11:47  Marine x3  
  57  11:48  Marine  
  57  11:54  Orbital Command  
  61  11:55  Marine x2  
  63  12:02  Marine  
  64  12:14  Marine  
  64  12:15  Marine x2  
  57  12:37  Marine x4  
  57  12:38  Marine  
  56  12:48  Marine x2  
  58  12:56  Marine x2  
  58  12:57  Marine x3  
  56  13:31  SCV x3  
  56  13:33  Marine x4  
  35  13:58  SCV x3  
  38  14:10  SCV x3  
  38  14:11  Marine x3  
  38  14:22  SCV x2  
  38  14:23  SCV  
  41  14:35  SCV  
Tags
 
Add a new tag
Caveats
  • Supply blocks, unpowered buildings, or Contaminate may cause inaccurate times.
  • Supply counts are checked every 10 seconds.